Map: Tokamak LE

Players

LiquidElazer (Elazer) - Winner!

  • Race: Zerg Zerg
  • Spawn Location: 7:00

Moja

  • Race: Terran Terran
  • League: Grandmaster
  • Spawn Location: 1:00

Event: HomeStory Cup XXVII

VOD

Have the link to the VOD?

Description

Time

  • Played on: June 28, 2025, 6:25 a.m.
  • Length: 8:02

All games in this series

Show
View Real Time Build Order
Export as new Build Order

LiquidElazer Zerg - Winner!

Build Orders: Pool First 

Get SALT Encoding   

  12  0:00  Drone  
  13  0:08  Drone  
  14  0:16  Overlord  
  14  0:23  Drone, Extractor  
  15  0:34  Drone x2  
  17  0:50  Drone, Extractor  
  17  0:51  Spawning Pool  
  17  0:54  Drone  
  17  1:07  Drone  
  18  1:20  Drone  
  18  1:23  Hatchery  
  18  1:27  Drone  
  19  1:39  Queen  
  21  1:47  Overlord  
  21  1:53  Metabolic Boost  
  21  2:04  Zergling x2  
  22  2:09  Drone x2  
  22  2:15  Queen  
  26  2:32  Zergling x4  
  26  2:36  Zergling x2  
  29  2:44  Overlord  
  29  2:46  Overlord  
  29  2:47  Drone x3  
  32  2:54  Overlord  
  32  3:03  Drone  
  32  3:04  Drone  
  34  3:08  Drone  
  35  3:16  Drone  
  35  3:18  Drone x3  
  35  3:19  Hatchery  
  38  3:20  Drone  
  38  3:26  Drone x2  
  40  3:31  Drone x3  
  43  3:40  Drone  
  44  3:48  Drone  
  44  3:51  Drone  
  44  3:53  Drone  
  44  3:56  Queen x2  
  44  3:57  Drone x3  
  51  4:05  Overlord  
  51  4:14  Overlord  
  51  4:15  Drone  
  52  4:24  Zergling x8  
  52  4:25  Zergling x4  
  52  4:29  Drone x2  
  52  4:30  Queen  
  62  4:31  Overlord  
  62  4:32  Drone x3  
  62  4:36  Lair  
  65  4:40  Drone  
  65  4:42  Drone  
  65  4:43  Drone  
  68  4:47  Evolution Chamber  
  68  4:48  Extractor  
  68  4:49  Extractor  
  65  4:53  Overlord  
  65  4:56  Drone x2  
  67  5:05  Drone  
  67  5:06  Drone x2, Extractor  
  69  5:07  Drone x5  
  69  5:11  Drone  
  74  5:14  Zerg Ground Armor Level 1  
  74  5:17  Drone x2, Extractor x2  
  74  5:19  Drone  
  75  5:24  Overlord  
  75  5:28  Overlord  
  75  5:33  Drone  
  75  5:34  Zergling x2, Hydralisk Den  
  75  5:35  Zergling x4  
  78  5:41  Zergling x14  
  78  5:42  Hatchery  
  84  5:47  Zergling x2  
  85  5:52  Zergling x4  
  85  5:54  Overlord  
  87  6:00  Overlord  
  87  6:06  Hydralisk x5, Muscular Augments  
  97  6:13  Hydralisk  
  97  6:14  Hydralisk x5  
  108  6:22  Hydralisk  
  108  6:23  Hydralisk x2  
  114  6:29  Hydralisk x2  
  114  6:30  Hydralisk  
  120  6:33  Overlord  
  120  6:39  Hydralisk x2  
  120  6:42  Hydralisk  
  120  6:43  Hydralisk  
  119  6:48  Hydralisk  
  119  6:51  Zergling x2  
  119  6:52  Zergling x10  
  125  6:57  Zergling x2  
  125  6:58  Zergling x8  
  130  7:02  Zergling x2  
  130  7:04  Overseer  
  130  7:08  Zergling x8  
  135  7:10  Grooved Spines  
  135  7:19  Zergling x12  
  135  7:24  Zergling x6  
  135  7:29  Hydralisk x3  
  135  7:43  Overlord x3  
Show
View Real Time Build Order
Export as new Build Order

Moja Terran 

Build Orders:  

Get SALT Encoding   

  12  0:00  SCV  
  13  0:12  SCV  
  14  0:16  Supply Depot  
  14  0:24  SCV  
  15  0:38  Barracks, SCV  
  16  0:50  SCV  
  17  1:02  SCV  
  18  1:17  Command Center  
  18  1:20  SCV  
  19  1:28  Marine  
  20  1:35  Orbital Command  
  20  1:42  Supply Depot  
  20  1:53  Refinery  
  20  1:55  Refinery  
  20  2:00  Marine, SCV  
  22  2:12  SCV  
  23  2:18  Marine  
  24  2:24  SCV  
  25  2:30  Orbital Command  
  25  2:36  SCV  
  26  2:46  Barracks Reactor  
  26  2:48  Factory, SCV  
  27  2:57  Command Center  
  27  2:58  SCV  
  28  3:01  SCV  
  29  3:10  SCV  
  30  3:13  SCV  
  31  3:24  Marine  
  31  3:25  Marine  
  30  3:32  Hellion  
  30  3:33  SCV  
  31  3:43  Marine x2  
  31  3:44  SCV  
  33  3:52  SCV  
  32  3:56  SCV  
  33  4:04  SCV  
  33  4:09  Orbital Command  
  34  4:10  Engineering Bay, SCV  
  34  4:11  Engineering Bay  
  35  4:17  SCV  
  35  4:22  Barracks  
  35  4:23  Barracks Tech Lab  
  36  4:25  Barracks  
  36  4:26  SCV  
  36  4:29  SCV  
  38  4:32  Factory Reactor  
  38  4:35  SCV  
  38  4:37  Terran Infantry Weapons Level 1  
  39  4:39  Terran Infantry Armor Level 1  
  39  4:41  SCV  
  39  4:43  SCV  
  39  4:44  Marine  
  42  4:47  Bunker  
  42  4:49  SCV  
  43  4:53  SCV  
  43  4:55  SCV  
  43  4:58  Stimpack  
  45  5:01  SCV  
  45  5:05  SCV  
  47  5:07  SCV  
  47  5:13  SCV  
  49  5:15  Starport  
  49  5:17  SCV  
  49  5:19  SCV  
  49  5:21  Refinery, Marine x3  
  51  5:22  Factory Reactor, Refinery  
  51  5:23  Marine  
  51  5:25  SCV  
  51  5:28  Supply Depot, Marine  
  56  5:29  SCV  
  56  5:31  SCV  
  56  5:34  Supply Depot  
  59  5:40  Marine  
  59  5:41  Marine  
  61  5:50  Marine, SCV  
  61  5:51  Supply Depot x2, Barracks  
  61  5:52  Barracks, Armory  
  61  5:53  Orbital Command  
  61  5:56  SCV  
  64  6:03  Factory Tech Lab  
  64  6:05  Supply Depot, SCV  
  65  6:17  Supply Depot  
  65  6:18  SCV x2  
  65  6:19  Marine x3, Medivac x2  
  65  6:21  SCV  
  65  6:23  Siege Tank  
  78  6:27  Supply Depot  
  78  6:30  SCV  
  78  6:33  SCV  
  78  6:37  Marine x2  
  75  6:40  Marine x2, SCV  
  75  6:43  Marine  
  75  6:44  Barracks Reactor x2  
  71  6:47  Orbital Command  
  68  6:54  Marine  
  68  6:55  Marine  
  68  6:57  Marine  
  71  7:01  Marine x2  
  71  7:02  Siege Tank  
  76  7:10  SCV  
  76  7:12  Marine  
  76  7:13  Medivac x2  
  76  7:14  Barracks  
  81  7:15  Barracks  
  81  7:16  Barracks  
  81  7:20  Marine x4  
  81  7:22  Marine x2  
  74  7:23  Marine  
  74  7:25  Marine  
  71  7:30  Marine  
Tags
 
Matchup
TvZ
Opening
Pool First
Replay Pack
hsc27
Spawn Locations
Cross Positions
Add a new tag
Caveats
  • Supply blocks, unpowered buildings, or Contaminate may cause inaccurate times.
  • Supply counts are checked every 10 seconds.